 Dungeon Crawl Stone Soup version 0.21.0-3-g78d12a8 (webtiles) character file.

51 Monsterracer the Chopper (level 3, 0/33 HPs)
             Began as a Hill Orc Chaos Knight on Jan 9, 2018.
             Killed from afar by an orc wizard (6 damage)
             ... with a puff of flame
             ... on level 2 of the Dungeon.
             The game lasted 00:01:49 (1033 turns).

Monsterracer the Chopper (Hill Orc Chaos Knight)    Turns: 1033, Time: 00:01:50

Health: 0/33       AC:  5    Str: 15    XL:     3   Next: 81%
Magic:  3/3        EV: 11    Int: 17    God:    Xom [..*...]
Gold:   114        SH:  0    Dex: 10    Spells: 2/2 levels left

rFire    . . .     SeeInvis .   a - +0 hand axe (chaos)
rCold    . . .     Gourm    .   (no shield)
rNeg     . . .     Faith    .   b - +2 leather armour
rPois    .         Spirit   .   (no helmet)
rElec    .         Reflect  .   (no cloak)
rCorr    .         Harm     .   (no gloves)
MR       .....                  (no boots)
Stlth    +.........             (no amulet)
HPRegen  0.11/turn              (no ring)
MPRegen  0.08/turn              (no ring)

@: brilliant
A: no striking features
a: Renounce Religion


You were on level 2 of the Dungeon.
You worshipped Xom.
You were a toy of Xom.
You were not hungry.

You visited 1 branch of the dungeon, and saw 2 of its levels.

You collected 114 gold pieces.

Inventory:

Hand Weapons
 a - a +0 hand axe of chaos (weapon)
Armour
 b - a +2 leather armour (worn)
Scrolls
 f - 2 scrolls of remove curse {unknown}
 h - a scroll of amnesia {unknown}
 k - a scroll of enchant weapon {unknown}
Potions
 d - a potion of invisibility {unknown}
 e - 2 potions of agility {unknown}
 g - a potion of berserk rage {unknown}
 i - a potion of heal wounds {unknown}
 j - a potion of degeneration {unknown}
Comestibles
 c - 5 rations


   Skills:
 + Level 4.1 Fighting
 * Level 5.0 Axes
 + Level 2.7 Armour
 + Level 1.3 Dodging


You had 2 spell levels left.
You didn't know any spells.

Dungeon Overview and Level Annotations

Branches:
Dungeon (2/15)

Altars:
Nemelex Xobeh


Message History

The worker ant misses you.
You hit the worker ant.
The worker ant looks as sick as possible!
The worker ant is severely wounded.
The worker ant closely misses you.
You barely miss the worker ant.
The worker ant is almost dead.
You hit the worm but do no damage.
The worm appears confused.
You kill the worker ant!
Your Fighting skill increases to level 4!
You have reached level 3!
Your experience leads to an increase in your attributes!
Increase (S)trength, (I)ntelligence, or (D)exterity?
You feel stronger.
Health restored: 33; MP restored: 3 You hit the worm but do no damage.
Found a small diamond ring.
An orc comes into view.
The orc shouts!
An orc comes into view. It is wielding a hand axe.
The orc shouts!
You hear a shout!
An orc wizard comes into view. It is wielding a dagger.
The worm seems less confused.
The orc barely misses you.
You hit the orc. You freeze the orc.
The orc is severely wounded.
You hit the orc. Lightning courses through the orc!
You kill the orc!
The orc barely misses you.
You barely miss the orc.
The orc is severely wounded.
The orc wizard points at you and mumbles some strange words.
The magic dart hits you! The orc closely misses you.
An orc comes into view. It is wielding a hand axe.
You take 4 damage, and have 29/33 hp.
You hit the orc.
You kill the orc!
Your Axes skill increases to level 5! "Go forth and destroy!"
You feel clever all of a sudden.
An orc comes into view. It is wielding a dagger.
The orc shouts!
You hit the orc wizard. You burn the orc wizard.
The orc wizard is moderately wounded.
You hear a shout!
The orc wizard hits you but does no damage.
You barely miss the orc wizard.
The orc wizard is moderately wounded.
The orc wizard hits you but does no damage.
You hit the orc wizard but do no damage.
The orc wizard is moderately wounded.
The orc wizard gestures wildly while chanting.
The orc wizard flickers and vanishes!
Deactivating autopickup; reactivate with Ctrl-A.
You hit something but do no damage. Something hits you but does no damage.
You hit something.
You feel better.
You barely miss the orc. Something hits you.
You take 1 damage, and have 28/33 hp.
You hit the orc but do no damage. You barely miss the orc.
You barely miss something. Something hits you but does no damage.
The orc hits you with a hand axe. The orc completely misses you.
You take 2 damage, and have 26/33 hp.
Unknown command.
You hit the orc.
You feel better.
The orc is heavily wounded.
You hit the orc. You drain the orc! You barely miss something.
You hit the worm but do no damage. Something hits you.
The orc completely misses you. The orc hits you with a dagger.
A goblin comes into view. It is wielding a club.
You take 7 damage, and have 19/33 hp.
MASSIVE DAMAGE!!
You barely miss the worm. You closely miss the orc. You hit the orc.
You kill the orc!
You miss something. Something hits you. The worm closely misses you.
The orc closely misses you.
You take 2 damage, and have 17/33 hp.
You barely miss the worm. You hit the orc but do no damage. You drain the orc!
You hit something but do no damage.
Xom is highly amused!
Nothing appears to happen.
You hear some strange, mumbled words.
A magic dart appears from out of thin air!
The magic dart hits you!
* * * LOW HITPOINT WARNING * * *
The orc hits you with a hand axe!
* * * LOW HITPOINT WARNING * * *
You hear some strange, mumbled words.
Something tries to affect you, but you resist.
The worm bites you.
* * * LOW HITPOINT WARNING * * *
You take 11 damage, and have 6/33 hp.
MASSIVE DAMAGE!!
You completely miss the orc.
The orc is almost dead.
Your leather armour prevents you from hitting something.
You hit the worm. You burn the worm. Something hits you but does no damage.
The orc barely misses you.
You hear some strange, mumbled words.
A puff of flame appears from out of thin air!
The puff of flame hits you!
You die... "This toy is broken."

. #.....##.
.######.....##.#
............##.#
............##.#
............##.#########
...................g....
.#..............o)....#
##.............w.{....#
##.....#..<#....@.....#
##.....#####......=...#
...........#............
###....###.#..........##
# ###.........).#####.#
#####.##.######## .#
........... # #####<##
#.# #...#.# .#..


You could see a worm, an orc and a goblin.

Vanquished Creatures
  A worker ant (D:2)
  3 orcs (D:2)
  A bat (D:1)
  4 giant cockroaches
  A hobgoblin (D:1)
  2 kobolds (D:1)
  A frilled lizard (D:1)
  6 goblins
  2 rats (D:1)
21 creatures vanquished.

Vanquished Creatures (others)
  A bat (D:1)
1 creature vanquished.

Grand Total: 22 creatures vanquished

Notes
Turn   | Place    | Note
-------+----------+-------------------------------------------
     0 | D:1      | Monsterracer the Hill Orc Chaos Knight began the quest for the Orb.
     0 | D:1      | Reached XP level 1. HP: 19/19 MP: 1/1
    81 | D:1      | XOM: potion effect (invisibility)
   124 | D:1      | Reached skill level 1 in Dodging
   124 | D:1      | Reached XP level 2. HP: 25/27 MP: 2/2
   262 | D:1      | XOM: silly message
  1000 | D:2      | Found a sparkling altar of Nemelex Xobeh.
  1012 | D:2      | Reached XP level 3. HP: 33/33 MP: 3/3
  1022 | D:2      | Reached skill level 5 in Axes
  1022 | D:2      | XOM: potion effect (brilliance)
  1031 | D:2      | HP: 14/33 [something/magic dart (3)]
  1031 | D:2      | HP: 6/33 [worm (1)]
  1033 | D:2      | Killed from afar by an orc wizard

Skill      XL: |  1  2  3 |
---------------+----------+-----
Dodging        | 1 |  1.3
Fighting       | 4 |  4.1
Axes           | 5 |  5.0
Armour         | |  2.7

Action                   || total
-------------------------++-------
Melee: Hand axe          ||    60
Armor: Leather armour    ||    19
Dodge: Dodged            ||    38

Vault maps used:
D:1:      onia_arrival_pentagram, minmay_octomino_e4
D:2:      nemelex_xobeh_ov_fountains_minmay, uniq_robin, uniq_sigmund
